 Dungeon Crawl Stone Soup version 0.21-a0-39-g28ea6b7 (webtiles) character file.

7352 HAL9000 the Transmogrifier (level 10, -10/81 HPs)
             Began as a Black Draconian Transmuter on May 29, 2017.
             Was a Priest of Cheibriados.
             Mangled by a yak (14 damage)
             ... on level 1 of the Lair of Beasts on May 30, 2017.
             The game lasted 00:37:27 (11098 turns).

HAL9000 the Transmogrifier (DrTm)                  Turns: 11098, Time: 00:37:28

Health: -10/81     AC:  7    Str: 26    XL:     10   Next: 91%
Magic:  4/13       EV: 16    Int: 23    God:    Cheibriados [***...]
Gold:   461        SH:  0    Dex: 22    Spells: 2/13 levels left

rFire    x . .     SeeInvis .     - Unarmed
rCold    + . .     Gourm    .   (shield currently unavailable)
rNeg     + . .     Faith    .   (armour unavailable)
rPois    .         Spirit   .   (helmet restricted)
rElec    +         Reflect  .   (no cloak)
rCorr    .         Harm     .   (gloves currently unavailable)
MR       .....                  (no boots)
Stlth    ++........             (no amulet)
Regen    0.3/turn               k - ring of wizardry
MPRegen  0.2/turn               G - ring "Byemnu Quen" {Ice *Contam rN+ Str+6}

@: blade hands, very slow
A: breathe lightning, unfitting armour, electricity resistance, cold-blooded, AC
+7
a: Breathe Lightning, End Transformation, Bend Time, Temporal Distortion,
Renounce Religion


You were on level 1 of the Lair of Beasts.
You worshipped Cheibriados.
Cheibriados was most pleased with you.
You were very hungry.
You had blades for hands.
You visited 3 branches of the dungeon, and saw 11 of its levels.

You collected 461 gold pieces.

Inventory:

Missiles
 a - 47 arrows
 R - 2 throwing nets
 S - 4 tomahawks (quivered)
Armour
 i - a +1 pair of gloves (melded)
Jewellery
 k - a ring of wizardry (left scythe-like blade)
 G - the ring "Byemnu Quen" (right scythe-like blade) {Ice *Contam rN+ Str+6}
   (You found it on level 6 of the Dungeon)

   [ring of ice]

   It enhances your ice magic.
   It affects your strength (+6).
   It makes you vulnerable to fire.
   It protects you from cold.
   It protects you from negative energy.
   It causes magical contamination when unequipped.
Wands
 q - a wand of polymorph (17/24)
 P - a wand of paralysis (11/24)
Scrolls
 d - 4 scrolls of teleportation {unknown}
 e - 5 scrolls of remove curse {unknown}
 f - 3 scrolls of identify
 g - 2 scrolls of fear {unknown}
 o - 4 scrolls of recharging {unknown}
 t - a scroll of enchant armour {unknown}
 y - 3 scrolls of enchant weapon {unknown}
 A - a scroll of magic mapping {unknown}
 H - a scroll of amnesia {unknown}
 J - a scroll of blinking {unknown}
 T - a scroll of immolation {unknown}
Potions
 n - 2 potions of agility
 p - 3 potions of curing
 v - 2 potions of brilliance
 C - 2 potions of flight
 E - a potion of haste
 K - 3 potions of might
 U - 2 potions of berserk rage {unknown}
Books
 b - a book of Changes

   Spells                             Type                      Level
   a - Beastly Appendage              Transmutation                1
   b - Sticks to Snakes               Transmutation                2
   c - Spider Form                    Transmutation/Poison         3
   d - Ice Form                       Ice/Transmutation            4
   e - Blade Hands                    Transmutation                5
 N - a book of Misfortune

   Spells                             Type                      Level
   a - Confusing Touch                Hexes                        1
   b - Confuse                        Hexes                        3
   c - Gell's Gravitas                Translocation                3
   d - Petrify                        Transmutation/Earth          4
   e - Metabolic Englaciation         Hexes/Ice                    5
   f - Yara's Violent Unravelling     Hexes/Transmutation          5
Comestibles
 c - 4 bread rations
 I - 6 royal jellies
 M - a meat ration
 V - 3 chunks of flesh


   Skills:
 + Level 5.3 Fighting
 + Level 5.1 Dodging
 * Level 10.3 Unarmed Combat
 - Level 2.0 Spellcasting
 + Level 10.8 Transmutations
 + Level 4.8 Invocations


You had 2 spell levels left.
You knew the following spells:

 Your Spells              Type           Power        Failure   Level  Hunger
a - Beastly Appendage     Tmut           ######       3%          1    #......
b - Sticks to Snakes      Tmut           ######..     3%          2    ##.....
c - Spider Form           Tmut/Pois      ####......   12%         3    ###....
d - Blade Hands           Tmut           ######....   12%         5    ######.


Dungeon Overview and Level Annotations

Branches:
Dungeon (9/15)             Temple (1/1) D:6            Lair (1/6) D:9
    Orc: D:9-12

Altars:
Ashenzari
Cheibriados
Dithmenos
Elyvilon
Fedhas
Gozag
Hepliaklqana
Kikubaaqudgha
Makhleb
Nemelex Xobeh
Okawaru
Qazlal
Ru
Sif Muna
Trog
Uskayaw
Vehumet
Wu Jian
Xom
Yredelemnul
Zin
The Shining One

Shops:
D:8 =


Innate Abilities, Weirdness & Mutations

You can breathe wild blasts of lightning.
Your glossy black scales are hard. (AC +7)
You cannot fit into any form of body armour.
You are resistant to electric shocks. (rElec)
You are cold-blooded and may be slowed by cold attacks.


Message History

Cheibriados appreciates the change of pace.
Unknown command.
You shred the yak!!!
You kill the yak!
Cheibriados thoroughly appreciates the change of pace.
You are feeling very hungry.
You shred the yak!!!
You kill the yak!
Cheibriados thoroughly appreciates the change of pace.
You barely miss the yak.
You tail-slap the yak, but do no damage.
You slash the yak!
The yak is moderately wounded.
The yak gores you!
* * * LOW HITPOINT WARNING * * *
You hit the yak.
You tail-slap the yak, but do no damage.
The yak is moderately wounded.
The yak gores you!
You die...

#... ..+. ##.... .....#
. #...... .....≈≈
..#..⌠...#.....P≈≈
........#......≈≈P≈
........#......≈≈≈PP≈≈≈≈
......Y#.........≈P≈≈≈≈≈
##@.........P≈P≈≈≈≈
#..........≈≈≈P≈≈≈≈
##..>......≈≈P≈P≈≈≈
#....#.......≈P≈P≈≈≈≈≈
#....#.......P≈≈≈≈≈≈≈≈
..............≈≈P≈P≈≈PP
.#....#....#........♣♣♣
⌠.....#....#......#...#
.#... #....#.........)#


You could see a yak.

Vanquished Creatures
  A two-headed ogre (D:7)
  Joseph (D:7)
  A komodo dragon (Lair:1)
  Grinder (D:5)
  5 yaks
  A human (D:7)
  3 hogs (D:7)
  A porcupine (Lair:1)
  2 ice beasts
  4 orc warriors
  A hornet zombie (D:8)
  2 black bears
  4 phantoms
  2 sky beasts
  5 ogres
  3 centaurs
  2 wolves (D:9)
  2 big kobolds
  2 gnoll sergeants
  Blork the orc (D:4)
  3 bullfrogs
  2 scorpions
  2 killer bees (D:8)
  A howler monkey (D:4)
  3 electric eels
  5 crimson imps
  3 jellies
  A bullfrog zombie (D:5)
  9 hounds
  A bullfrog skeleton (D:6)
  6 orc priests
  8 orc wizards
  Jessica (D:3)
  5 iguanas
  9 worker ants
  A hound zombie (D:8)
  A worker ant zombie (D:8)
  10 gnolls
  A howler monkey skeleton (D:6)
  5 adders
  5 shadow imps
  2 oozes
  3 dart slugs
  6 leopard geckos
  46 orcs
  5 giant cockroaches
  4 goblins
  7 hobgoblins
  7 jackals
  10 kobolds
  5 quokkas
  8 bats
  9 frilled lizards
  A leopard gecko skeleton (D:4)
  A leopard gecko zombie (D:5)
  3 quokka zombies
  8 rats
251 creatures vanquished.

Vanquished Creatures (collateral kills)
  An ogre (D:6)
  A killer bee (D:8)
  An orc wizard (D:7)
  A dart slug (D:2)
  6 orcs
  A frilled lizard (D:2)
  A jackal zombie (D:5)
12 creatures vanquished.

Vanquished Creatures (others)
  An orc (D:9)
1 creature vanquished.

Grand Total: 264 creatures vanquished

Notes
Turn   | Place    | Note
-------+----------+-------------------------------------------
     0 | D:1      | HAL9000 the Draconian Transmuter began the quest for the Orb.
     0 | D:1      | Reached XP level 1. HP: 16/16 MP: 3/3
    91 | D:1      | Reached XP level 2. HP: 16/23 MP: 5/5
   158 | D:1      | Learned a level 2 spell: Sticks to Snakes
   477 | D:2      | Reached XP level 3. HP: 18/28 MP: 0/6
  1639 | D:3      | Reached XP level 4. HP: 3/35 MP: 4/7
  1937 | D:3      | Noticed Jessica
  1944 | D:3      | Killed Jessica
  2316 | D:3      | Found a glowing silver altar of Zin.
  2416 | D:4      | Noticed Blork the orc
  2607 | D:3      | Learned a level 3 spell: Spider Form
  2783 | D:4      | Killed Blork the orc
  2783 | D:4      | Reached XP level 5. HP: 11/40 MP: 2/8
  3101 | D:4      | Found a shadowy altar of Dithmenos.
  3207 | D:4      | Reached skill level 5 in Transmutations
  3434 | D:4      | Reached XP level 6. HP: 35/47 MP: 5/9
  3862 | D:4      | Reached skill level 5 in Unarmed Combat
  4382 | D:4      | Your scales start taking on a glossy black colour.
  4382 | D:4      | Reached XP level 7. HP: 31/52 MP: 6/10
  4382 | D:4      | Gained mutation: You are resistant to electric shocks. (rElec) [Black Draconian growth]
  4842 | D:5      | Entered Level 5 of the Dungeon
  4911 | D:5      | Noticed Grinder
  4922 | D:5      | Paralysed by Grinder for 6 turns
  4939 | D:5      | Killed Grinder
  6014 | D:5      | Reached XP level 8. HP: 43/59 MP: 11/11
  6343 | D:5      | Upgraded the game from 0.21-a0-38-g95c5c02 to 0.21-a0-39-g28ea6b7
  6570 | D:5      | Learned a level 5 spell: Blade Hands
  6715 | D:6      | Got a bound iron ring
  6724 | D:6      | Identified the ring "Byemnu Quen" {Ice *Contam rN+ Str+6} (You found it on level 6 of the Dungeon)
  6769 | D:6      | Found a staircase to the Ecumenical Temple.
  6816 | Temple   | Entered the Ecumenical Temple
  6874 | Temple   | Became a worshipper of Cheibriados the Contemplative
  7625 | D:6      | Reached XP level 9. HP: 58/64 MP: 12/12
  7703 | D:7      | Found a stormy altar of Qazlal.
  7717 | D:7      | Reached * piety under Cheibriados
  8088 | D:7      | Reached skill level 10 in Transmutations
  8339 | D:7      | Reached skill level 1 in Invocations
  8343 | D:7      | Reached ** piety under Cheibriados
  8602 | D:7      | Noticed a two-headed ogre
  8612 | D:7      | Killed a two-headed ogre
  8810 | D:7      | Reached XP level 10. HP: 71/78 MP: 7/13
  9058 | D:7      | Noticed Joseph
  9072 | D:7      | Killed Joseph
  9648 | D:8      | Reached *** piety under Cheibriados
  9650 | D:8      | Found a glowing golden altar of the Shining One.
  9948 | D:8      | Found Joshivao's Jewellery Shop.
 10274 | D:8      | Found a burning altar of Makhleb.
 10713 | D:9      | Reached **** piety under Cheibriados
 10835 | D:9      | Found a staircase to the Lair.
 10853 | D:9      | Reached skill level 5 in Fighting
 10863 | D:9      | Reached skill level 10 in Unarmed Combat
 10878 | Lair:1   | Entered Level 1 of the Lair of Beasts
 11091 | Lair:1   | Reached skill level 5 in Dodging
 11097 | Lair:1   | HP: 4/81 [yak (13)]
 11098 | Lair:1   | Mangled by a yak

Vault maps used:
D:1:      minmay_arrival_solitary_statue
D:2:      serial_forest, infiniplex_forest_clump_C, infiniplex_forest_lined_1,
          infiniplex_forest_clump_curved, infiniplex_forest_clump_diagonal,
          infiniplex_forest_3_way, infiniplex_forest_clump_medium
D:3:      lemuel_coloured_pillars_altar, minmay_misc_feat_diagonals,
          uniq_jessica
D:4:      lemuel_crystal_altar, first_bread, hangedman_minor_gate_pass,
          uniq_blork_the_orc
D:5:      uniq_grinder
D:6:      minmay_temple_entry_grid, lightli_minifort
D:7:      basic_altar, grunt_livestock, uniq_joseph
D:8:      grunt_temple_overflow_open, serial_shops, shop, nrook_loot_triangle
D:9:      erik_lair_island, hiddenorc1_lemuel, nicolae_ru_the_path_less_chosen
Temple:   nicolae_temple_no_exploring_needed
Lair:1:   lab_entry_generic, serial_bayou_shore_b, serial_bayou_shore_b,
          infiniplex_staircase_pool_2, serial_bayou_shore_a, grunt_megastairs_3,
          lemuel_fruit_tree

Skill      XL: |  1  2  3  4  5  6  7  8  9 10 |
---------------+-------------------------------+-----
Transmutations | 3 4 5 6 7 9 10 | 10.8
Unarmed Combat | 4 5 6 7 8 10 | 10.3
Dodging        | 2 3 5 |  5.1
Fighting       | 3 5 |  5.3
Invocations    | 3 4 |  4.8
Spellcasting   | |  2.0

Action                   |  1- 3 |  4- 6 |  7- 9 | 10-12 || total
-------------------------+-------+-------+-------+-------++-------
Melee: Unarmed           |   170 |   203 |   297 |   154 ||   824
       Tailslap          |    15 |    21 |    43 |    30 ||   109
       Headbutt          |     5 |     9 |     3 |       ||    17
       Kick              |    15 |     1 |     3 |       ||    19
       Punch             |       |     3 |     7 |     9 ||    19
       Staff             |       |       |       |     4 ||     4
Throw: Tomahawk          |       |       |     2 |       ||     2
 Cast: Beastly Appendage |    16 |    10 |     5 |       ||    31
       Sticks to Snakes  |     3 |     9 |    12 |     9 ||    33
       Spider Form       |       |     8 |     3 |       ||    11
       Blade Hands       |       |       |    16 |    16 ||    32
Invok: Slouch            |       |       |       |     2 ||     2
       Bend Time         |       |       |       |     1 ||     1
 Abil: End Transformatio |       |     4 |    14 |    13 ||    31
       Breathe Lightning |       |       |     6 |     2 ||     8
  Use: Potion            |     1 |       |     2 |     6 ||     9
       Scroll            |       |       |     8 |       ||     8
 Stab: Sleeping          |     1 |     1 |       |       ||     2
       Distracted        |       |       |       |     1 ||     1
  Eat: Chunk             |     2 |     4 |    17 |     8 ||    31
       Meat ration       |       |     1 |       |       ||     1
       Royal jelly       |       |     1 |       |       ||     1
       Bread ration      |       |       |     1 |       ||     1
       Fruit             |       |       |       |     2 ||     2
Armor: Skin              |    68 |    52 |    84 |    44 ||   248
Dodge: Dodged            |    93 |   107 |   207 |   158 ||   565
